 Dungeon Crawl Stone Soup version 0.28.0-43-g3370ac3207 (webtiles) character file.

Game seed: 12140276695630076152

585703 joshe the Ogre Mage (level 26, -5/306 HPs)
             Began as an Ogre Fire Elementalist on Mar 4, 2022.
             Was an Initiate of Gozag.
             Slain by a titan simulacrum (6 damage)
             ... on level 3 of Cocytus on Mar 7, 2022.
             The game lasted 12:24:41 (79437 turns).

joshe the Ogre Mage (Ogre Fire Elementalist)       Turns: 79437, Time: 12:24:41

Health: -5/306     AC: 12    Str: 17    XL:     26   Next: 82%
Magic:  13/53      EV: 10    Int: 31    God:    Gozag
Gold:   14537      SH: 15    Dex: 15    Spells: 14/77 levels left

rFire   + + .      SeeInvis +   e - +9 flail (elec)
rCold   + + +      Faith    .   L - +2 kite shield "Bestrafos" {Regen+ SInv Stlth+}
rNeg    . . .      Spirit   .   h - +4 skin of Zhor {*Englaciate rC+++ SInv}
rPois   .          Reflect  .   a - +2 hat
rElec   .          Harm     .   j - +2 cloak {Stlth+}
rCorr   .          Rampage  .   (gloves unavailable)
Will    ++++.                   (boots unavailable)
Stlth   ++++......              s - amulet "Oteyca" {RegenMP rF++ Str-2 Dex+6}
HPRegen 1.41/turn               W - ring "Sunur" {Wiz Will++}
MPRegen 0.73/turn               r - ring of Nobility {Wiz Int+7}

@: mighty, brilliant, marked, gold aura, on berserk cooldown, hasted and slowed,
studying 3 skills, invisible, frozen potions, very slow
A: large, unfitting armour, tough skin 1, antennae 1, robust 1
}: 4/15 runes: serpentine, barnacled, slimy, silver
a: Renounce Religion, Potion Petition, Call Merchant, Bribe Branch


You were on level 3 of Cocytus.
You worshipped Gozag.
Gozag was extremely pleased with you.
You visited 11 branches of the dungeon, and saw 52 of its levels.
You visited the Abyss 1 time.
You also visited: Trove, Sewer and Ice Cave.

You collected 30142 gold pieces.
You spent 5471 gold pieces at shops.
You paid 10134 gold pieces to Gozag.

Inventory:

Hand Weapons
 e - a +9 flail of electrocution (weapon)
 m - the +10 morningstar of Diet Blood {freeze, Dex+3}
   (You bought it in a shop on level 2 of the Orcish Mines)

   It freezes those it strikes, dealing additional cold damage.
   It can also slow down cold-blooded creatures.
   Dex:       It affects your dexterity (+3).
 t - the +3 mace "Acouh" {freeze, Drain rC+ rN++ MP+9}
   (You found it on level 2 of the Depths)

   It freezes those it strikes, dealing additional cold damage.
   It can also slow down cold-blooded creatures.
   rC:        It protects you from cold.
   rN:        It greatly protects you from negative energy.
   MP:        It affects your magic capacity (+9).
   Drain:     It drains your maximum health when unequipped.
 x - the +11 hand crossbow of Greed {flame, Int+6}
   (You found it on level 9 of the Dungeon)

   Any ammunition fired from it burns those it strikes, dealing additional fire
   damage.
   Int:       It affects your intelligence (+6).
 T - the +7 dagger "Xuruent" {vorpal, rCorr Int+4}
   (You took it off a deep elf sorcerer on level 3 of the Elven Halls)

   It inflicts extra damage upon your enemies.
   Int:       It affects your intelligence (+4).
   rCorr:     It protects you from acid and corrosion.
Missiles
 y - 1519 bolts
Armour
 a - a +2 hat (worn)
 h - the +4 skin of Zhor (worn) {*Englaciate rC+++ SInv}
   (You found it on level 5 of the Vaults)

   It radiates cold, occasionally slowing all nearby creatures who are not
   resistant to cold.
   rC:        It renders you almost immune to cold.
   SInv:      It lets you see invisible.
 j - a +2 cloak of stealth (worn)
 E - the +1 robe of Vines {NoPotionHeal Regen++++}
   (You bought it in a shop on level 2 of the Orcish Mines)

   Its wearer cannot be healed by potions.
   Regen:     It increases your rate of health regeneration.
 L - the +2 kite shield "Bestrafos" (worn) {Regen+ SInv Stlth+}
   (You found it on level 4 of the Lair of Beasts)

   SInv:      It lets you see invisible.
   Regen:     It increases your rate of health regeneration.
   Stlth:     It makes you more stealthy.
Magical Staves
 i - a staff of fire
 J - a staff of conjuration
 M - a staff of earth
Jewellery
 p - a +6 ring of strength
 r - the ring of Nobility (right hand) {Wiz Int+7}
   (You found it on level 9 of the Dungeon)

   [ring of wizardry]

   It improves your spell success rate.
   Int:       It affects your intelligence (+7).
 s - the amulet "Oteyca" (around neck) {RegenMP rF++ Str-2 Dex+6}
   (You took it off a deep elf death mage on level 3 of the Elven Halls)

   [amulet of magic regeneration]

   It increases your rate of magic regeneration.
   Str:       It affects your strength (-2).
   Dex:       It affects your dexterity (+6).
   rF:        It greatly protects you from fire.
 w - the ring "Iluzuq" {EV+4 Str+5}
   (You found it in a treasure trove)

   [ring of evasion]

   EV:        It affects your evasion (+4).
   Str:       It affects your strength (+5).
 A - the amulet of Vitality {Regen+ HP+15}
   (You found it in a treasure trove)

   [amulet of regeneration]

   HP:        It affects your health (+15).
   Regen:     It increases your rate of health regeneration.
 O - a ring of protection from cold
 W - the ring "Sunur" (left hand) {Wiz Will++}
   (You found it in a treasure trove)

   [ring of wizardry]

   It improves your spell success rate.
   Will:      It greatly increases your willpower.
Wands
 C - a wand of mindburst (13)
 G - a wand of digging (19)
 N - a wand of iceblast (36)
 Q - a wand of paralysis (4)
 S - a wand of acid (14)
Scrolls
 f - 20 scrolls of teleportation
 g - 8 scrolls of immolation
 k - 10 scrolls of amnesia
 l - 9 scrolls of magic mapping
 q - 9 scrolls of fog
 z - 4 scrolls of silence
 K - 2 scrolls of holy word
 R - 4 scrolls of blinking
 U - a scroll of summoning
 Z - 6 scrolls of enchant armour
Potions
 c - 6 potions of magic
 d - 10 potions of might
 n - 6 potions of berserk rage
 o - 4 potions of brilliance
 u - 7 potions of ambrosia
 v - 14 potions of curing
 B - 6 potions of haste
 D - 2 potions of invisibility
 F - 4 potions of cancellation
 P - 3 potions of mutation
 X - 2 potions of resistance
Miscellaneous
 H - a box of beasts
 I - a lightning rod (4/4)
 Y - a phantom mirror


   Skills:
 - Level 19.0 Fighting
 - Level 12.0 Maces & Flails
 - Level 10.0 Crossbows
 - Level 4.0 Dodging
 - Level 1.4 Stealth
 - Level 16.0 Shields
 + Level 26.1 Spellcasting
 - Level 16.0 Conjurations
 - Level 4.0 Hexes
 - Level 6.0 Summonings
 - Level 4.0 Necromancy
 - Level 4.0 Translocations
 - Level 6.0 Transmutations
 - Level 18.0 Fire Magic
 - Level 15.0 Earth Magic


You had 14 spell levels left.
You knew the following spells:

 Your Spells              Type           Power      Damage    Failure   Level
a - Foxfire               Conj/Fire      100%       2x1d9     0%          1
b - Scorch                Fire           100%       2d10      0%          2
c - Fulminant Prism       Conj/Hex       50%        3d23      1%          4
d - Lee's Rapid Deconstr  Erth           58%        3d28*     1%          5
e - Spellforged Servitor  Conj/Summ      52%        N/A       2%          7
f - Iskenderun's Mystic   Conj/Tloc      100%       2d19      1%          4
g - Blink                 Tloc           100%       N/A       1%          2
h - Statue Form           Tmut/Erth      68%        N/A       1%          6
i - Fireball              Conj/Fire      60%        3d23      0%          5
j - Flame Wave            Conj/Fire      100%       2d17      0%          4
k - Ignition              Fire           61%        3d17      1%          8
l - Sublimation of Blood  Necr           78%        N/A       1%          2
m - Iron Shot             Conj/Erth      58%        9d11      1%          6
n - Orb of Destruction    Conj           59%        9d14      1%          7

Your spell library contained the following spells:

 Spells                   Type           Power      Damage    Failure   Level
 Magic Dart               Conj           100%       1d8       0%          1
 Passwall                 Tmut/Erth      85%        N/A       0%          2
 Conjure Flame            Conj/Fire      100%       6-21      0%          3
 Animate Skeleton         Necr           100%       N/A       1%          1
 Apportation              Tloc           100%       N/A       1%          1
 Beastly Appendage        Tmut           100%       N/A       1%          1
 Freeze                   Ice            100%       1d11      1%          1
 Pain                     Necr           100%       1d9       1%          1
 Shock                    Conj/Air       100%       1d9       1%          1
 Slow                     Hex            100%       N/A       1%          1
 Sting                    Tmut/Pois      100%       1d8       1%          1
 Summon Small Mammal      Summ           100%       N/A       1%          1
 Call Imp                 Summ           86%        N/A       1%          2
 Ensorcelled Hibernation  Hex/Ice        100%       N/A       1%          2
 Poisonous Vapours        Pois/Air       100%       N/A       1%          2
 Wereblood                Tmut           86%        N/A       1%          2
 Confusing Touch          Hex            78%        N/A       1%          3
 Dazzling Flash           Conj/Hex       100%       N/A       1%          3
 Frozen Ramparts          Ice            100%       1d12      1%          3
 Inner Flame              Hex/Fire       100%       N/A       1%          3
 Ozocubu's Armour         Ice            57%        N/A       1%          3
 Spider Form              Tmut/Pois      73%        N/A       1%          3
 Swiftness                Air            57%        N/A       1%          3
 Tukima's Dance           Hex            78%        N/A       1%          3
 Vampiric Draining        Necr           78%        2d11      1%          3
 Anguish                  Hex/Necr       39%        N/A       1%          4
 Animate Armour           Summ/Erth      100%       N/A       1%          4
 Animate Dead             Necr           39%        N/A       1%          4
 Cause Fear               Hex            39%        N/A       1%          4
 Hailstorm                Conj/Ice       94%        3d19      1%          4
 Ice Form                 Ice/Tmut       73%        N/A       1%          4
 Passage of Golubria      Tloc           78%        N/A       1%          4
 Petrify                  Tmut/Erth      100%       N/A       1%          4
 Summon Ice Beast         Ice/Summ       73%        N/A       1%          4
 Summon Lightning Spire   Summ/Air       73%        N/A       1%          4
 Agony                    Necr           78%        N/A       1%          5
 Blade Hands              Tmut           43%        N/A       1%          5
 Borgnjor's Vile Clutch   Necr/Erth      49%        N/A       1%          5
 Freezing Cloud           Conj/Ice/Air   42%        6-21      1%          5
 Irradiate                Conj/Tmut      52%        3d31      1%          5
 Iskenderun's Battlesphe  Conj           100%       2d15      1%          5
 Lightning Bolt           Conj/Air       47%        1d67      1%          5
 Manifold Assault         Tloc           78%        N/A       1%          5
 Summon Mana Viper        Hex/Summ       82%        N/A       1%          5
 Yara's Violent Unravell  Hex/Tmut       41%        3d16      1%          5
 Starburst                Conj/Fire      60%        6d16      1%          6
 Airstrike                Air            28%        N/A       2%          4
 Olgreb's Toxic Radiance  Pois           57%        N/A       2%          4
 Metabolic Englaciation   Hex/Ice        34%        N/A       3%          5
 Silence                  Hex/Air        34%        N/A       3%          5
 Death Channel            Necr           39%        N/A       7%          6
 Dispersal                Tloc           39%        N/A       7%          6
 Dragon Form              Tmut           43%        N/A       17%         7
 Monstrous Menagerie      Summ           43%        N/A       17%         7
 Fire Storm               Conj/Fire      60%        8d15      22%         9
 Haunt                    Necr/Summ      41%        N/A       24%         7
 Malign Gateway           Summ/Tloc      41%        N/A       24%         7
 Enfeeble                 Hex            39%        N/A       36%         7
 Shatter                  Erth           58%        3d43*     43%         9
 Storm Form               Tmut/Air       36%        N/A       47%         7
 Ozocubu's Refrigeration  Ice            28%        4d10      86%         7
 Infestation              Necr           39%        N/A       94%         8
 Maxwell's Capacitive Co  Air            28%        ∞         100%        8
 Chain Lightning          Conj/Air       47%        3d62      100%        9
 Dragon's Call            Summ           43%        N/A       100%        9


Dungeon Overview and Level Annotations

Branches:
Dungeon (15/15)            Temple (0/1) D:6            Lair (6/6) D:8
 Shoals (4/4) Lair:2        Snake (4/4) Lair:2        Slime (5/5) Lair:6
    Orc (2/2) D:11            Elf (3/3) Orc:2        Vaults (5/5) D:14
  Crypt (0/3) Vaults:2     Depths (4/4) D:15           Hell (visited)
    Dis (0/7) Hell            Geh (0/7) Hell            Coc (3/7) Hell
    Tar (0/7) Hell            Zot (0/5) Depths:4      Sewer (visited)
  IceCv (visited)

Altars:
Ashenzari
Cheibriados
Elyvilon
Fedhas
Gozag
Kikubaaqudgha
Makhleb
Nemelex Xobeh
Ru
Trog
Uskayaw
Vehumet
Wu Jian
Yredelemnul
Zin
The Shining One
Jiyva

Shops:
D:9 *   D:10 *((!*   D:11 (   D:12 *(   D:15 :   Orc:1 (   Orc:2 [[**[
Lair:2 ?   Lair:6 *:   Shoals:1 *(*   Shoals:2 (   Snake:2 !   Vaults:1 !
Vaults:4 [   Depths:2 **

Portals:
Hell: Depths:1 Depths:2 Depths:3 Depths:4
Abyss: Depths:3
Pandemonium: Depths:2 Depths:3 Depths:4
Ziggurat: Depths:1

Annotations:
Depths:2 1 runed translucent door


Innate Abilities, Weirdness & Mutations

You are too large for most types of armour.
You have tough skin. (AC +1)
You have a pair of small antennae on your head.
You are robust. (+10% HP)


Message History

The fireball engulfs the elemental wellspring!!!
The elemental wellspring is severely damaged.
The fireball engulfs the alligator snapping turtle simulacrum!!
The alligator snapping turtle simulacrum melts!
The alligator snapping turtle simulacrum is heavily damaged.
The fireball engulfs the water elemental!!!
The water elemental is burned terribly!
You destroy the water elemental!
The water elemental disappears in a puff of smoke!
The fireball engulfs the water elemental!!!
The water elemental is burned terribly!
You destroy the water elemental!
The water elemental disappears in a puff of smoke!
The fireball engulfs the nargun but does no damage.
The fireball engulfs the elemental wellspring!!
You destroy the elemental wellspring!
You hear a splash.
The fireball engulfs the nargun!!
The nargun is heavily damaged.
The fireball engulfs the titan simulacrum!
The titan simulacrum melts!
The titan simulacrum is severely damaged.
The titan simulacrum hits you!
* * * LOW HITPOINT WARNING * * *
The titan simulacrum freezes you! You resist.
* * * LOW HITPOINT WARNING * * *
The alligator snapping turtle simulacrum is engulfed in a cloud of scalding steam.
The alligator snapping turtle simulacrum is distracted by your dazzling golden aura. [a] - 276 gold - invisibility and might [b] - 510 gold - lignification, might and resistance [c] - 928 gold - resistance, invisibility, might and haste Purchase which effect?
You fade into invisibility!
You feel very mighty all of a sudden.
The nargun is engulfed in a cloud of scalding steam.
The nargun is distracted by your dazzling golden aura.
The titan simulacrum hits you!
* * * LOW HITPOINT WARNING * * *
The titan simulacrum freezes you. You resist.
You die...
Your body crumbles into a pile of gold.

#≈≈........≈
≈≈......≈$≈≈
#≈≈...≈≈≈≈≈≈
≈≈.≈≈≈≈≈≈≈≈
##≈R≈≈ZC≈≈≈≈
#≈≈≈≈E§≈≈≈≈≈
##≈§§§C§≈...≈
#≈≈§§9§§≈$..≈
#≈≈§9@§§....≈
##≈§§Z§§...§≈
##§§§§§...≈≈
#≈≈$.....≈≈≈
#≈≈$....≈≈Z§
≈≈≈....≈≈1§.
#≈≈≈....≈≈≈..
#≈≈≈≈≈.≈≈≈≈≈≈


You could see a titan (ally target), a nargun (unaware), a titan simulacrum and
a friendly spellforged servitor (summoned).

Vanquished Creatures
  the Royal Jelly (Slime:5)
  2 dread liches (Vaults:5)
  An ancient lich (Vaults:5)
  Mara (Vaults:4)
  2 juggernauts (Depths:2)
  Vashnia (Snake:4)
  Bai Suzhen (Shoals:4)
  2 shard shrikes (Coc:3)
  Geryon (Hell)
  7 golden dragons
  The ghost of Tyess the Warrior, an adept DgCj (Depths:2)
  A bone dragon (Depths:4)
  4 tentacled monstrosities
  A hellephant (Hell)
  A lich (Vaults:5)
  Mlioglotl (Shoals:4)
  2 deep elf master archers (Elf:3)
  7 titans
  6 deep elf blademasters
  2 ancient champions (Hell)
  A quicksilver dragon (Vaults:5)
  Murray (Hell)
  7 sphinxes
  27 acid blobs
  5 tengu reavers
  2 tentacled starspawn (Abyss:2)
  6 shadow dragons
  2 nagarajas (Snake:4)
  8 storm dragons
  A draconian monk (Depths:4)
  Kirke (D:13)
  14 azure jellies
  8 rockslimes
  6 frost giants
  8 fire giants
  A draconian scorcher (Depths:4)
  13 vault wardens
  Aizul (Shoals:4)
  A balrug (Depths:1)
  A nargun (Coc:2)
  4 deep elf elementalists (Elf:3)
  A shard shrike simulacrum (Coc:3)
  7 deep elf sorcerers
  19 very ugly things
  2 spriggan defenders
  6 quicksilver oozes
  A draconian shifter (Depths:4)
  12 ironbound preservers
  A quicksilver ooze (shapeshifter) (Vaults:5)
  9 stone giants
  7 reapers
  3 war gargoyles (Vaults:5)
  5 ironbound thunderhulks
  A juggernaut skeleton (Depths:1)
  A lorocyproca (Depths:1)
  2 white draconians
  4 vampire knights
  5 deep elf demonologists (Elf:3)
  2 elemental wellsprings (Coc:3)
  A spark wasp (Depths:2)
  6 deep elf annihilators (Elf:3)
  3 entropy weavers
  A black draconian (Depths:4)
  A purple draconian (Abyss:2)
  An iron golem (Hell)
  13 ettins
  2 blizzard demons (Hell)
  5 deep elf death magi
  5 merfolk javelineers (Shoals:4)
  2 crystal guardians
  A spriggan zombie (Hell)
  9 merfolk impalers
  3 deep elf high priests
  5 fire dragons
  13 great orbs of eyes
  13 ice dragons
  34 vault guards
  Harold (Orc:1)
  8 yaktaur captains
  5 boulder beetles
  Fannar (Lair:3)
  10 naga warriors
  A caustic shrike simulacrum (Coc:3)
  6 hydras
  3 centaur warriors
  2 rakshasas (Depths:2)
  14 anacondas
  A hell beast (Hell)
  3 spriggan air magi
  2 spriggan skeletons
  4 merfolk avatars
  12 ironbound frosthearts
  4 catoblepae
  2 salamander tyrants (Snake:4)
  6 merfolk aquamancers
  2 satyrs
  2 peacekeepers (Vaults:4)
  2 death knights
  2 juggernaut simulacra
  5 ogre magi
  2 alligator snapping turtles (Shoals:4)
  15 two-headed ogres
  4 death yaks
  7 deep troll shamans
  A hell hog (Hell)
  An alligator (shapeshifter) (Elf:3)
  3 tengu warriors
  2 thrashing horrors (Abyss:2)
  4 deep troll earth magi
  4 spriggan berserkers
  12 naga sharpshooters
  3 orc high priests
  24 deep elf knights
  Urug (Lair:2)
  6 shock serpents
  3 spriggans (Depths:4)
  7 sun demons
  A crystal echidna (Hell)
  2 soul eaters (Hell)
  8 hell knights
  7 iron trolls
  2 wretched stars (Abyss:2)
  2 salamander mystics
  A skeletal warrior (D:14)
  A sixfirhy (Abyss:2)
  A golden dragon zombie (Depths:2)
  11 sea snakes
  42 deep trolls
  A flayed ghost (Depths:1)
  An orb spider (shapeshifter) (Vaults:5)
  A sea snake (shapeshifter) (Depths:2)
  9 naga ritualists
  A deep troll (shapeshifter) (Vaults:5)
  18 deep elf archers
  5 glowing orange brains
  6 wizards
  A shadow demon (Depths:3)
  36 deep elf pyromancers
  7 ironbound convokers
  2 lindwurms (Vaults:2)
  2 orange crystal statues
  6 necromancers
  3 orc knights
  25 deep elf zephyrmancers
  A golden dragon skeleton (Depths:2)
  25 harpies
  3 shining eyes
  14 mana vipers
  2 phantasmal warriors (Vaults:5)
  8 cyclopes
  11 orc sorcerers
  9 fauns
  A frost giant zombie (Depths:2)
  46 ugly things
  13 manticores
  4 worldbinders (Abyss:2)
  22 salamanders
  An apocalypse crab (Abyss:2)
  2 moths of wrath (Depths:2)
  Maurice (D:9)
  10 guardian serpents
  5 elephants (Lair:6)
  A centaur zombie (D:15)
  9 merfolk sirens
  9 vault sentinels
  4 eyes of devastation
  2 gargoyles
  42 black mambas
  14 naga magi
  9 water nymphs
  15 cane toads
  3 molten gargoyles (Hell)
  6 smoke demons
  2 kobold demonologists
  2 hellions
  An efreet (D:14)
  9 rime drakes
  Psyche (D:11)
  15 komodo dragons
  A golden dragon simulacrum (Depths:2)
  An anaconda simulacrum (Coc:3)
  2 ice devils (Depths:3)
  A harpy zombie (Hell)
  A tormentor (Hell)
  5 tengu conjurers
  18 yaktaurs
  A red devil (Depths:3)
  5 ancient zymes (Abyss:2)
  28 merfolk
  19 trolls
  A wind drake (shapeshifter) (D:14)
  4 hornets
  25 polar bears
  4 wind drakes
  25 blink frogs
  10 raiju
  A snapping turtle (shapeshifter) (Elf:2)
  A raiju (shapeshifter) (Elf:3)
  17 snapping turtles
  124 slime creatures
  A jumping spider (Vaults:3)
  A centaur simulacrum (Abyss:2)
  2 frost giant simulacra (Depths:2)
  A vampire (D:11)
  3 shadows (D:11)
  An air elemental (Elf:1)
  9 wraiths
  A naga simulacrum (Hell)
  Sigmund (D:2)
  15 water elementals
  A black mamba skeleton (Hell)
  48 yaks
  A fire elemental (Elf:2)
  6 basilisks
  7 wyverns
  A human (D:14)
  4 redbacks
  3 golden eyes
  5 hogs (D:13)
  A steam dragon (shapeshifter) (Vaults:5)
  A chaos spawn (Abyss:2)
  A steam dragon (Lair:4)
  7 vampire mosquitoes
  4 neqoxecs
  A catoblepas simulacrum (Coc:2)
  2 harpy simulacra
  45 nagas
  4 large abominations (Abyss:2)
  2 hydra simulacra
  Edmund (D:4)
  11 wargs
  19 water moccasins
  13 hell hounds (Lair:6)
  6 small abominations (Abyss:2)
  A floating eye (Depths:1)
  13 black bears
  A black bear (shapeshifter) (D:14)
  2 sky beasts
  2 necrophages
  4 starcursed masses (Abyss:2)
  An ice beast (D:8)
  17 orc warriors
  25 ogres
  9 centaurs
  3 boggarts (Vaults:2)
  13 wolves (Lair:6)
  A phantom (D:6)
  A nameless horror (Depths:4)
  16 bullfrogs
  A gnoll sergeant (D:7)
  A glowing shapeshifter simulacrum (Depths:1)
  3 scorpions
  An earth elemental (Elf:3)
  2 troll zombies (D:11)
  15 killer bees
  3 electric eels
  9 wights
  3 howler monkeys (D:12)
  7 lava snakes (Snake:2)
  14 orc priests
  A hound (D:7)
  A gnoll shaman (D:5)
  7 jellies
  A quasit (Abyss:2)
  9 centaur skeletons
  An iron imp (D:4)
  A scorpion zombie (D:5)
  5 hell rats (Lair:5)
  26 orc wizards
  2 iguanas (D:5)
  A killer bee zombie (D:8)
  6 ogre zombies (D:11)
  14 gnolls
  4 river rats (Sewer)
  7 adders
  3 white imps
  2 ufetubi
  An adder skeleton (D:4)
  A worm (D:4)
  A dart slug (D:3)
  46 orcs
  10 endoplasms
  7 giant cockroaches
  6 goblins
  8 hobgoblins
  6 quokkas
  5 ball pythons
  4 bats
  7 frilled lizards
  A goblin skeleton (D:11)
  2 goblin zombies
  A hobgoblin zombie (D:11)
  7 kobolds
  3 orc skeletons (D:11)
  18 orc zombies (D:11)
  10 rats
  A starspawn tentacle (Abyss:2)
2017 creatures vanquished.

Vanquished Creatures (collateral kills)
  Frederick (Vaults:4)
  Margery (Vaults:4)
  A caustic shrike (Depths:2)
  2 golden dragons
  A quicksilver dragon (Vaults:5)
  2 sphinxes (Depths:3)
  4 tengu reavers
  2 shadow dragons (Vaults:5)
  A storm dragon (Depths:3)
  An iron dragon (Vaults:5)
  4 fire giants
  3 frost giants
  A balrug (Hell)
  9 vault wardens
  A spriggan defender (Depths:4)
  9 very ugly things
  5 ironbound preservers
  7 ironbound thunderhulks
  5 stone giants
  A green draconian (Depths:4)
  2 vampire knights
  2 wendigos
  A white draconian (Depths:4)
  An iron golem (Hell)
  A quicksilver dragon zombie (Depths:4)
  A deep elf death mage (Vaults:5)
  A jiangshi (Depths:2)
  6 yaktaur captains
  3 ettins
  3 great orbs of eyes
  A great orb of eyes (shapeshifter) (Depths:2)
  A spriggan zombie (Depths:4)
  A rakshasa (Depths:1)
  2 fire dragons
  2 ice dragons
  3 ironbound frosthearts
  3 vault guards
  2 centaur warriors (Vaults:2)
  2 spriggan air magi
  2 two-headed ogres (Vaults:1)
  7 hell hogs (Hell)
  2 deep troll earth magi
  A tengu warrior (Depths:1)
  2 spriggan berserkers (Depths:4)
  2 hell knights (Depths:4)
  A soul eater (Depths:3)
  A titan skeleton (Depths:2)
  A sun demon (Depths:3)
  3 iron trolls (Depths:1)
  14 deep trolls
  4 lindwurms
  6 harpies
  6 ironbound convokers
  2 phantasmal warriors
  A nameless horror (Vaults:2)
  A wizard (Vaults:2)
  An orc knight (Vaults:5)
  2 necromancers
  8 ugly things
  8 vault sentinels
  An orange demon (Depths:3)
  A smoke demon (Hell)
  A molten gargoyle (Hell)
  10 yaktaurs
  An iron giant simulacrum (Coc:2)
  A blink frog (shapeshifter) (Vaults:5)
  7 slime creatures (Vaults:2)
  A dire elephant simulacrum (Coc:3)
  A water elemental (Depths:1)
  2 fire bats (Depths:2)
  A redback (Vaults:1)
  A bullfrog (D:7)
  An orc priest (Vaults:5)
  9 foxfires
212 creatures vanquished.

Vanquished Creatures (others)
  A shard shrike simulacrum (Coc:3)
  30 dancing weapons
  A deep elf knight (Elf:2)
  A dire elephant simulacrum (Coc:2)
  2 humans (D:13)
  2 golden eyes (Abyss:2)
  An orc warrior (D:14)
  A small abomination (Abyss:2)
  1175 foxfires
  35 fulminant prisms
  91 fungi
  168 plants
  4 starspawn tentacles (Abyss:2)
1512 creatures vanquished.

Grand Total: 3741 creatures vanquished

Notes
Turn   | Place    | Note
-------+----------+-------------------------------------------
     0 | D:1      | joshe the Ogre Fire Elementalist began the quest for the
                  | Orb.
     0 | D:1      | Reached XP level 1. HP: 16/16 MP: 3/3
   243 | D:1      | Reached XP level 2. HP: 24/24 MP: 1/5
   251 | D:1      | Learned a level 2 spell: Scorch
   936 | D:1      | Found a faded altar of an unknown god.
  1590 | D:2      | Noticed Sigmund
  1621 | D:3      | Reached XP level 3. HP: 19/31 MP: 1/6
  1933 | D:3      | Found an opulent altar of Gozag.
  2132 | D:3      | Became a worshipper of Gozag Ym Sagoz the Greedy
  2203 | D:3      | You fall into a shaft and drop 2 floors!
  2203 | D:5      | Entered Level 5 of the Dungeon
  2211 | D:5      | Reached XP level 4. HP: 39/39 MP: 1/7
  2408 | D:4      | Learned a level 3 spell: Conjure Flame
  2511 | D:4      | Reached skill level 5 in Fire Magic
  2855 | D:3      | Reached XP level 5. HP: 46/46 MP: 6/8
  3088 | D:2      | Reached skill level 1 in Fighting
  3470 | D:2      | Killed Sigmund
  3471 | D:2      | Reached skill level 4 in Spellcasting
  3471 | D:2      | Reached XP level 6. HP: 27/61 MP: 3/12
  3644 | D:2      | Learned a level 4 spell: Flame Wave
  4187 | D:4      | Found a snail-covered altar of Cheibriados.
  4732 | D:4      | Found a blossoming altar of Fedhas.
  5119 | D:4      | Found a white marble altar of Elyvilon.
  5298 | D:5      | Noticed Edmund
  5325 | D:4      | Killed Edmund
  5326 | D:4      | Reached XP level 7. HP: 25/70 MP: 1/13
  6445 | D:5      | Noticed a troll
  6457 | D:5      | Killed a troll
  6634 | D:5      | Reached XP level 8. HP: 67/78 MP: 8/15
  7202 | D:5      | Found an ornate altar of the Wu Jian Council.
  7229 | D:5      | Reached skill level 5 in Spellcasting
  7755 | D:6      | Reached skill level 6 in Spellcasting
  7908 | D:6      | Reached skill level 5 in Conjurations
  7991 | D:6      | Found a staircase to the Ecumenical Temple.
  7996 | D:6      | Reached XP level 9. HP: 53/84 MP: 12/19
  8016 | D:6      | Reached skill level 7 in Spellcasting
  8031 | D:6      | Reached skill level 5 in Fighting
  8055 | D:6      | Found a sacrificial altar of Ru.
  8204 | D:6      | Found a glowing drain.
  8223 | Sewer    | Entered a sewer
  9832 | D:7      | Reached skill level 1 in Maces & Flails
 10848 | D:7      | Found a burning altar of Makhleb.
 11017 | D:7      | Found a sparkling altar of Nemelex Xobeh.
 11030 | D:7      | Identified the +0 robe of the Other World {Rampage Drain
                  | rC+}
 11073 | D:7      | Reached XP level 10. HP: 98/98 MP: 20/20
 12518 | D:8      | Noticed a boulder beetle
 12532 | D:8      | Reached skill level 8 in Spellcasting
 13582 | D:8      | Found a radiant altar of Vehumet.
 13582 | D:8      | Found a glowing silver altar of Zin.
 14106 | D:8      | Killed a boulder beetle
 14591 | D:8      | Found a staircase to the Lair.
 14683 | D:9      | Paralysed by a hornet for 2 turns
 14687 | D:9      | Reached skill level 9 in Spellcasting
 14979 | D:9      | Identified the ring of Nobility {Wiz Int+7}
 14982 | D:9      | Noticed a two-headed ogre
 15033 | D:9      | Killed a two-headed ogre
 15034 | D:9      | Reached skill level 10 in Spellcasting
 15034 | D:9      | Reached XP level 11. HP: 113/113 MP: 14/25
 15133 | D:9      | Noticed Maurice
 15140 | D:9      | Killed Maurice
 15511 | D:9      | Identified the +11 hand crossbow of Greed {flame, Int+6}
 15519 | D:9      | Reached skill level 10 in Fighting
 15622 | D:9      | Found Odecotuc's Assorted Antiques.
 16173 | D:9      | Bought a scroll of identify for 50 gold pieces
 16546 | D:9      | Found a glowing golden altar of the Shining One.
 16713 | D:10     | Entered Level 10 of the Dungeon
 16713 | D:10     | Noticed a white ugly thing
 16716 | D:10     | Noticed a manticore
 16724 | D:9      | Killed a white ugly thing
 17062 | D:10     | Found a broken altar of Ashenzari.
 17173 | D:10     | Found Yqutt's Antique Weapon Shoppe.
 17237 | D:10     | Killed a manticore
 17473 | D:10     | Noticed a manticore
 17485 | D:10     | Killed a manticore
 17843 | D:10     | Found Guptot's General Store.
 18023 | D:10     | Found Voheek's Weapon Shop.
 18029 | D:10     | Bought a potion of curing for 45 gold pieces
 18029 | D:10     | Bought a scroll of identify for 30 gold pieces
 18029 | D:10     | Bought a potion of curing for 45 gold pieces
 18227 | D:10     | Found Ygaceost's Distillery.
 18227 | D:10     | Noticed a two-headed ogre
 18234 | D:10     | Killed a two-headed ogre
 18235 | D:10     | Reached skill level 1 in Crossbows
 18313 | D:10     | Noticed a two-headed ogre
 18319 | D:10     | Killed a two-headed ogre
 18384 | D:10     | Found Hypuats's General Store.
 18837 | D:11     | Noticed a seven-headed hydra
 18846 | D:11     | Killed a seven-headed hydra
 18944 | D:11     | Learned a level 6 spell: Starburst
 18949 | D:11     | Learned a level 4 spell: Iskenderun's Mystic Blast
 18965 | D:11     | Noticed a manticore
 18975 | D:11     | Killed a manticore
 19117 | D:11     | Found a staircase to the Orcish Mines.
 19123 | D:11     | Reached XP level 12. HP: 130/130 MP: 19/26
 19490 | D:11     | Noticed Psyche
 19499 | D:11     | Killed Psyche
 19994 | D:11     | Noticed a two-headed ogre
 20004 | D:11     | Killed a two-headed ogre
 20574 | D:11     | Found Yho Kuv's Weapon Shoppe.
 20915 | Orc:1    | Entered Level 1 of the Orcish Mines
 20920 | Orc:1    | Reached skill level 11 in Spellcasting
 21215 | Orc:1    | Noticed Harold
 21909 | Orc:1    | Killed Harold
 22326 | Orc:1    | Noticed an orc high priest
 22356 | Orc:1    | Killed an orc high priest
 22970 | Orc:1    | Reached skill level 10 in Fire Magic
 23650 | Orc:2    | Entered Level 2 of the Orcish Mines
 23653 | Orc:2    | Noticed an orc high priest
 23881 | Orc:2    | Killed an orc high priest
 23882 | Orc:2    | Reached skill level 10 in Conjurations
 23890 | Orc:2    | Noticed a two-headed ogre
 23892 | Orc:2    | Noticed a two-headed ogre
 23903 | Orc:2    | Killed a two-headed ogre
 23904 | Orc:2    | Reached XP level 13. HP: 111/137 MP: 26/28
 23925 | Orc:2    | Reached skill level 5 in Crossbows
 25411 | Orc:2    | Noticed a stone giant
 25419 | Orc:2    | Killed a stone giant
 25687 | Orc:2    | Found Zimineud's Antique Armour Shoppe.
 25704 | Orc:2    | Found Xigussot's Armour Shop.
 25707 | Orc:2    | Bought a glowing hat for 217 gold pieces
 25714 | Orc:2    | Found Vef Hew's General Store.
 25715 | Orc:2    | Found Aggue's Antique Armour Shoppe.
 25736 | Orc:2    | Bought a scroll of magic mapping for 49 gold pieces
 25736 | Orc:2    | Bought a potion of magic for 112 gold pieces
 25817 | Orc:2    | Bought the +10 morningstar of Diet Blood {freeze, Dex+3}
                  | for 987 gold pieces
 26143 | Orc:2    | Found a staircase to the Elven Halls.
 26576 | Orc:1    | Found Kibrol's Antique Weapon Shop.
 27127 | Orc:2    | Bought a scroll of identify for 36 gold pieces
 27127 | Orc:2    | Bought a scroll of magic mapping for 63 gold pieces
 27264 | Lair:1   | Entered Level 1 of the Lair of Beasts
 27271 | Lair:1   | Reached XP level 14. HP: 140/146 MP: 29/29
 27660 | Lair:1   | Reached skill level 10 in Crossbows
 28106 | Lair:1   | Reached skill level 1 in Translocations
 28889 | Orc:2    | Bought the +1 robe of Vines {NoPotionHeal Regen++++} for
                  | 1440 gold pieces
 28889 | Orc:2    | Found the +1 robe of Vines {NoPotionHeal Regen++++}
 29232 | Lair:2   | Found a staircase to the Snake Pit.
 29498 | Lair:2   | Reached skill level 12 in Spellcasting
 29738 | Lair:2   | Noticed Urug
 29747 | Lair:2   | Killed Urug
 30196 | Lair:2   | Found a staircase to the Shoals.
 30679 | Orc:2    | Bought 20 bolts for 72 gold pieces
 30843 | Lair:3   | Noticed Fannar
 30852 | Lair:3   | Killed Fannar
 31471 | Lair:3   | Found an ornate altar of the Wu Jian Council.
 31472 | Lair:3   | Found a hide-covered altar of Uskayaw.
 32375 | Snake:1  | Entered Level 1 of the Snake Pit
 33804 | Lair:4   | Noticed a quicksilver ooze
 33807 | Lair:4   | Killed a quicksilver ooze
 33828 | Lair:4   | Reached skill level 15 in Fighting
 34070 | Lair:4   | Reached XP level 15. HP: 152/167 MP: 3/31
 34628 | Lair:4   | Identified the +2 kite shield "Bestrafos" {Regen+ SInv
                  | Stlth+}
 34830 | Lair:4   | Reached skill level 1 in Shields
 35701 | Lair:5   | Found an ancient bone altar of Kikubaaqudgha.
 35778 | Lair:5   | Learned a level 2 spell: Blink
 36277 | Lair:6   | Entered Level 6 of the Lair of Beasts
 36302 | Lair:6   | Reached skill level 5 in Shields
 36707 | Lair:6   | Reached skill level 13 in Spellcasting
 36757 | Lair:6   | Identified the +8 dagger "Jaaf" {freeze, Will+ Str+3 Dex+2}
 37131 | Lair:6   | Found a viscous altar of Jiyva.
 37134 | Lair:6   | Found a staircase to the Slime Pits.
 38059 | Elf:1    | Entered Level 1 of the Elven Halls
 38126 | Elf:1    | Paralysed by an air elemental for 1 turns
 38129 | Elf:1    | Paralysed by an air elemental for 1 turns
 38283 | Elf:1    | Learned a level 6 spell: Statue Form
 38615 | Elf:1    | Reached skill level 1 in Transmutations
 38615 | Elf:1    | Reached skill level 1 in Earth Magic
 38620 | Elf:1    | Identified the +6 mace of the Sun {vorpal, rF- rC- rCorr
                  | Dex+5}
 38625 | Elf:1    | Reached XP level 16. HP: 158/179 MP: 22/33
 39032 | Elf:1    | Learned a level 4 spell: Fulminant Prism
 39071 | Elf:1    | Reached skill level 1 in Hexes
 39168 | Elf:1    | Learned a level 5 spell: Lee's Rapid Deconstruction
 40339 | Elf:2    | Reached skill level 5 in Earth Magic
 40447 | Elf:2    | Found a runed translucent gate.
 40447 | Elf:2    | Found a runed translucent gate.
 40447 | Elf:2    | Found a runed translucent gate.
 40452 | Elf:2    | Noticed a deep elf blademaster
 40869 | Elf:2    | Reached skill level 5 in Transmutations
 40918 | Elf:2    | Killed a deep elf blademaster
 40919 | Elf:2    | Reached XP level 17. HP: 106/187 MP: 0/34
 41378 | Elf:3    | Entered Level 3 of the Elven Halls
 41837 | Elf:3    | Learned a level 2 spell: Wereblood
 42311 | Elf:3    | Identified the amulet "Rogenyiq" {Acrobat SInv}
 42328 | Elf:3    | Identified the ring "Xaticak" {rF+ Int+4}
 42376 | Elf:3    | Noticed a Tzitzimitl
 42434 | Elf:3    | Noticed a deep elf blademaster
 42458 | Elf:3    | Killed a deep elf blademaster
 42512 | Elf:3    | Noticed a deep elf master archer
 42536 | Elf:3    | Killed a deep elf master archer
 42979 | Elf:3    | Noticed a deep elf blademaster
 42984 | Elf:3    | Noticed a deep elf master archer
 42985 | Elf:3    | Identified the amulet "Oteyca" {RegenMP rF++ Str-2 Dex+6}
 42991 | Elf:3    | Killed a deep elf master archer
 43011 | Elf:3    | Killed a deep elf blademaster
 43012 | Elf:3    | Reached skill level 10 in Earth Magic
 43012 | Elf:3    | Identified the +7 dagger "Xuruent" {vorpal, rCorr Int+4}
 43016 | Elf:3    | Cast into level 2 of the Abyss (a deep elf sorcerer)
 43076 | Abyss:2  | Found an ornate altar of the Wu Jian Council.
 43318 | Abyss:2  | Noticed a tentacled starspawn
 43332 | Abyss:2  | Killed a tentacled starspawn
 43356 | Abyss:2  | Noticed a tentacled starspawn
 43360 | Abyss:2  | Killed a tentacled starspawn
 43860 | Abyss:2  | Found a corrupted altar of Lugonu.
 43998 | Elf:3    | Escaped the Abyss
 44007 | Elf:3    | Identified the +5 trident "Newt's Doom" {vorpal, rF+ Str+3}
 44013 | Elf:3    | Noticed an Executioner
 44307 | Elf:3    | Reached skill level 10 in Shields
 44457 | Elf:3    | Reached XP level 18. HP: 196/196 MP: 22/35
 44536 | Elf:3    | Got Haepp's Disquisition on the Snowflakes and the
                  | Entourage
 44548 | Elf:3    | Got the Guide on Stones and Black Magic
 44694 | Elf:3    | Identified a scroll of acquirement
 44806 | Elf:3    | Acquired a book of Fire
 44818 | Elf:3    | Learned a level 5 spell: Fireball
 45242 | Lair:2   | Bought a scroll of blinking for 135 gold pieces
 45765 | Snake:1  | Found a sacrificial altar of Ru.
 46270 | Snake:2  | Found Segoet's Distillery.
 46274 | Snake:2  | Bought a potion of curing for 54 gold pieces
 46274 | Snake:2  | Bought a potion of haste for 180 gold pieces
 46274 | Snake:2  | Bought a potion of magic for 144 gold pieces
 46303 | Snake:2  | Found a frozen archway.
 46335 | IceCv    | Entered an ice cave
 46957 | IceCv    | Identified the +0 pair of gloves of Caffeymn {Will++ Dex+3}
 48406 | Snake:3  | Reached XP level 19. HP: 204/204 MP: 36/36
 48580 | Snake:3  | Reached skill level 14 in Spellcasting
 49646 | Snake:4  | Entered Level 4 of the Snake Pit
 50987 | Snake:4  | Noticed Vashnia
 51012 | Snake:4  | Killed Vashnia
 51133 | Snake:4  | Got a serpentine rune of Zot
 51360 | Shoals:1 | Entered Level 1 of the Shoals
 51507 | Shoals:1 | Found Mynopadd's Assorted Antiques.
 51587 | Shoals:1 | Found Siem's Weapon Shop.
 51712 | Shoals:1 | Found Paighobbab's Gadget Gallery.
 52585 | Shoals:2 | Found Emair's Antique Weapon Emporium.
 52707 | Shoals:2 | Reached XP level 20. HP: 213/213 MP: 10/38
 53577 | Shoals:3 | Identified the +9 hunting sling "Kiukes" {vorpal, +Blink
                  | rN++}
 54269 | Shoals:4 | Entered Level 4 of the Shoals
 54271 | Shoals:4 | Reached skill level 15 in Fire Magic
 54274 | Shoals:4 | Noticed Bai Suzhen
 54288 | Shoals:4 | Killed Bai Suzhen
 54390 | Shoals:4 | Identified the -3 cloak "Wuon" {MP+9}
 54510 | Shoals:4 | Noticed Aizul
 54512 | Shoals:4 | Noticed Mlioglotl
 54524 | Shoals:4 | Killed Mlioglotl
 54524 | Shoals:4 | Killed Aizul
 54525 | Shoals:4 | Reached skill level 15 in Spellcasting
 54792 | Shoals:4 | Reached skill level 15 in Conjurations
 54851 | Shoals:4 | Got a barnacled rune of Zot
 55487 | Shoals:4 | Identified the +0 pair of boots "Barocive" {rElec rC+ rN+
                  | Will-}
 55821 | Shoals:4 | Learned a level 8 spell: Ignition
 56029 | Slime:1  | Entered Level 1 of the Pits of Slime
 56037 | Lair:6   | Bought a manual of Maces & Flails for 1280 gold pieces
 56267 | Slime:1  | Found a viscous altar of Jiyva.
 57123 | Slime:2  | Reached skill level 5 in Maces & Flails
 58461 | Slime:3  | Reached XP level 21. HP: 222/222 MP: 15/40
 58772 | Slime:5  | Entered Level 5 of the Pits of Slime
 58774 | Slime:5  | Gained mutation: Your muscles are strong. (Str +2) [a
                  | shining eye]
 58778 | Slime:5  | Reached skill level 10 in Maces & Flails
 58784 | Slime:5  | Gained mutation: You are dopey. (Int -2) [a shining eye]
 58785 | Slime:5  | Noticed the Royal Jelly
 58839 | Slime:4  | Lost mutation: Your muscles are strong. (Str +2) [potion of
                  | mutation]
 58839 | Slime:4  | Lost mutation: You are dopey. (Int -2) [potion of mutation]
 58839 | Slime:4  | Gained mutation: You have hidden genetic potential. [potion
                  | of mutation]
 58900 | Slime:4  | Found a viscous altar of Jiyva.
 59234 | Slime:4  | Reached skill level 16 in Spellcasting
 60378 | Slime:5  | Killed the Royal Jelly
 60694 | Slime:5  | Identified the -2 helmet of the Unbroken {Stlth+}
 60719 | Slime:5  | Got a slimy rune of Zot
 60721 | Slime:5  | Got Sif Muna's Tome of Destructive Venom
 60723 | Slime:5  | Identified the +8 mace "Xigucios" {drain, Fly Str+2 Int+4
                  | Dex+3}
 60785 | Slime:5  | Identified the +6 mace "Spiderslayer" {venom, Fragile Str+5
                  | Dex+3}
 60832 | Slime:5  | Acquired 800 gold pieces
 61577 | D:12     | Found Cowefe's Weapon Shop.
 62048 | D:12     | Found Unnuh's Assorted Antiques.
 62065 | D:12     | Bought a potion of brilliance for 92 gold pieces
 62725 | D:13     | Noticed Kirke
 62729 | D:13     | Killed Kirke
 63792 | D:14     | Learned a level 5 spell: Iskenderun's Battlesphere
 63804 | D:14     | Found a gate to the Vaults.
 63815 | D:14     | Reached skill level 17 in Spellcasting
 64291 | D:15     | Entered Level 15 of the Dungeon
 64776 | D:15     | Found Latueco's Book Shop.
 64858 | D:15     | Found a portal to a secret trove of treasure.
 64866 | D:15     | You showed the slimy rune of Zot to enter a treasure trove
 64867 | Trove    | Entered a treasure trove
 64873 | Trove    | Found the amulet of Vitality {Regen+ HP+15}
 64875 | Trove    | Identified the +7 hand crossbow of the Iron City of Dis
                  | {penet, *Slow rN+ rCorr}
 64882 | Trove    | Identified the ring "Sunur" {Wiz Will++}
 64892 | Trove    | Identified the ring "Iluzuq" {EV+4 Str+5}
 64893 | Trove    | Identified the +7 hand crossbow of Revolt {freeze, rElec}
 64961 | D:15     | Learned a level 7 spell: Spellforged Servitor
 64964 | D:15     | Learned a level 2 spell: Sublimation of Blood
 65142 | D:15     | Reached XP level 22. HP: 231/231 MP: 33/43
 65147 | D:15     | Reached skill level 1 in Summonings
 65188 | D:15     | Found a staircase to the Depths.
 65340 | Vaults:1 | Entered Level 1 of the Vaults
 65398 | Vaults:1 | Gained mutation: You are robust. (+10% HP) [hidden
                  | potential]
 65558 | Vaults:1 | Found Pemnifis's Distillery.
 65565 | Vaults:1 | Bought a potion of magic for 88 gold pieces
 65565 | Vaults:1 | Bought a potion of haste for 110 gold pieces
 65565 | Vaults:1 | Bought 2 potions of curing for 66 gold pieces
 65565 | Vaults:1 | Bought a potion of curing for 33 gold pieces
 65565 | Vaults:1 | Bought a potion of haste for 110 gold pieces
 65565 | Vaults:1 | Bought a potion of curing for 33 gold pieces
 65886 | Vaults:1 | Reached skill level 1 in Necromancy
 66920 | Vaults:2 | Acquired 1316 gold pieces
 66948 | Vaults:2 | Reached skill level 18 in Spellcasting
 67688 | Vaults:2 | Got the Collected Works on Creative Displacement
 67905 | Vaults:2 | Found a staircase to the Crypt.
 67905 | Vaults:2 | Found an ancient bone altar of Kikubaaqudgha.
 67906 | Vaults:2 | Found a basalt altar of Yredelemnul.
 68329 | Vaults:3 | Reached skill level 19 in Spellcasting
 68890 | Vaults:3 | Reached skill level 5 in Summonings
 69014 | Vaults:3 | Identified the +4 broad axe of Greed {flame, *Noise rElec
                  | rN+ rCorr}
 69375 | Vaults:3 | Reached XP level 23. HP: 262/262 MP: 31/46
 69531 | Vaults:4 | Noticed Frederick
 69537 | Vaults:4 | Killed Frederick
 69582 | Vaults:4 | Reached skill level 20 in Spellcasting
 69594 | Vaults:4 | Gained mutation: You have a pair of small antennae on your
                  | head. [hidden potential]
 69594 | Vaults:4 | Lost mutation: You have hidden genetic potential. [hidden
                  | potential expressed]
 69860 | Vaults:4 | Identified the +9 mace of Sywoub {vorpal, Dex+7}
 69887 | Vaults:4 | Noticed Margery
 69898 | Vaults:4 | Killed Margery
 69924 | Vaults:4 | Reached skill level 21 in Spellcasting
 70242 | Vaults:4 | Found Gijoa's Armour Emporium.
 70397 | Vaults:4 | Noticed Mara
 70404 | Vaults:4 | Noticed joshe's illusion
 70424 | Vaults:4 | Killed Mara
 70754 | Vaults:4 | Reached skill level 22 in Spellcasting
 70761 | Vaults:4 | Learned a level 6 spell: Iron Shot
 70957 | Vaults:5 | Entered Level 5 of the Vaults
 70982 | Vaults:5 | Reached skill level 23 in Spellcasting
 70987 | Vaults:5 | Noticed a golden dragon
 70994 | Vaults:5 | Killed a golden dragon
 70996 | Vaults:5 | Noticed a dread lich
 71001 | Vaults:5 | Killed a dread lich
 71002 | Vaults:5 | Reached XP level 24. HP: 243/272 MP: 10/50
 71247 | Vaults:5 | Identified the +2 robe of Disaster {+Inv rC+ Slay+2}
 71308 | Vaults:5 | Identified the +4 arbalest "Yhufuag" {venom, rElec Str+5
                  | Int-2}
 71528 | Vaults:5 | Found the +8 demon trident "Rift" {distort, reach+}
 71534 | Vaults:5 | Got a silver rune of Zot
 71736 | Vaults:5 | Noticed an ancient lich
 71738 | Vaults:5 | Killed an ancient lich
 71854 | Vaults:5 | Found the +9 staff of Olgreb {rPois∞}
 71881 | Vaults:5 | Identified the +9 war axe of Rotation {flame, *Corrode rC+
                  | Str+3 Dex+3}
 71892 | Vaults:5 | Identified the ring of the Glowing Hosts {Fire Int+3}
 71900 | Vaults:5 | Got Zuyniqy's Almanac of the Entourage and the Frostbite
 71939 | Vaults:5 | Noticed a dread lich
 71946 | Vaults:5 | Killed a dread lich
 72382 | Vaults:5 | Identified the +5 plate armour of Focus {MP+9 Int+3 Dex+4}
 72385 | Vaults:5 | Identified the +1 robe of the Saviour {Will- Regen+ rCorr
                  | Str+5}
 72556 | Vaults:5 | Found the +4 skin of Zhor {*Englaciate rC+++ SInv}
 73029 | Depths:1 | Entered Level 1 of the Depths
 73116 | Depths:1 | Found a one-way gateway to a ziggurat.
 73186 | Depths:1 | Reached skill level 24 in Spellcasting
 73524 | Depths:1 | Reached XP level 25. HP: 258/281 MP: 21/51
 74034 | Depths:1 | Found a gateway to Hell.
 74437 | Depths:2 | Found a one-way gate leading to the halls of Pandemonium.
 74494 | Depths:2 | Found a runed translucent door.
 74497 | Depths:2 | Found a runed translucent door.
 74497 | Depths:2 | Found a runed translucent door.
 74501 | Depths:2 | Found a runed translucent door.
 74502 | Depths:2 | Identified the +3 mace "Acouh" {freeze, Drain rC+ rN++
                  | MP+9}
 74505 | Depths:2 | Found a runed translucent door.
 74648 | Depths:2 | Reached skill level 15 in Earth Magic
 74709 | Depths:2 | Found Big Baal Hell's Store.
 74916 | Depths:2 | Found Vahyqit's General Store.
 75060 | Depths:2 | Found a transporter.
 75078 | Depths:2 | Found a transporter.
 75081 | Depths:2 | Noticed a juggernaut
 75082 | Depths:2 | Noticed Tyess's ghost (adept DgCj)
 75082 | Depths:2 | Noticed a juggernaut
 75264 | Depths:2 | Acquired 684 gold pieces
 75297 | Depths:2 | Identified the amulet of the Tormentor {Faith -Cast Dex+3}
 75309 | Depths:2 | Identified the +6 scale mail of the Learner {rCorr Str+5
                  | Int+3 Dex+2}
 75443 | Depths:2 | Found a bloodstained altar of Trog.
 75701 | Depths:2 | Reached skill level 15 in Shields
 75812 | Depths:2 | Killed a juggernaut
 75861 | Depths:2 | Killed a juggernaut
 75864 | Depths:2 | Killed Tyess's ghost
 76379 | Depths:3 | Found a one-way gate to the infinite horrors of the Abyss.
 76699 | Depths:3 | Identified the +8 great mace "Embalmer" {flame, rCorr Str+8
                  | Dex-3}
 76762 | Depths:3 | Found a runed translucent door.
 76810 | Depths:3 | Identified the +5 rapier "Alistof" {holy, rF++ rC- Will+++
                  | Stlth-}
 77190 | Depths:4 | Entered Level 4 of the Depths
 77193 | Depths:4 | Reached XP level 26. HP: 306/306 MP: 37/51
 77784 | Depths:4 | Found a gate to the Realm of Zot.
 78400 | Depths:4 | Found an ancient bone altar of Kikubaaqudgha.
 78645 | Hell     | Entered the Vestibule of Hell
 78645 | Hell     | Noticed Geryon
 78656 | Hell     | Killed Geryon
 78666 | Hell     | Reached skill level 25 in Spellcasting
 78671 | Hell     | Noticed Murray
 78676 | Hell     | Killed Murray
 78773 | Hell     | Learned a level 7 spell: Orb of Destruction
 78927 | Hell     | Found a gateway to the freezing wastes of Cocytus.
 79143 | Hell     | Found a gateway to the ashen valley of Gehenna.
 79195 | Hell     | Found a gateway to the Iron City of Dis.
 79267 | Hell     | Found a gateway to the decaying netherworld of Tartarus.
 79361 | Coc:1    | Entered Level 1 of Cocytus
 79408 | Coc:3    | Noticed a shard shrike
 79408 | Coc:3    | Noticed a shard shrike
 79415 | Coc:3    | Paralysed by a wendigo for 1 turns
 79420 | Coc:3    | Killed a shard shrike
 79421 | Coc:3    | Reached skill level 26 in Spellcasting
 79421 | Coc:3    | Killed a shard shrike
 79428 | Coc:3    | Paralysed by a wendigo for 1 turns
 79436 | Coc:3    | HP: 15/306 [titan simulacrum (17)]
 79436 | Coc:3    | HP: 6/306 [titan simulacrum (9)]
 79437 | Coc:3    | HP: 1/306 [titan simulacrum (7)]
 79437 | Coc:3    | Slain by a titan simulacrum

Illustrated notes

Levels and vault maps discovered:
D:1:      amcnicky_arrival_wind_blow, layout_loops_ring,
          shapermc_ecumenical_altar_flowoftime
D:2:      layout_loops_ring, kennysheep_generic_room_13, uniq_sigmund
D:3:      layout_basic, mainiacjoe_overflow_concentric_impassable,
          chequers_serial_rivers_micro_e
D:4:      layout_cave_pools, amcnicky_altar_gilded,
          mainiacjoe_overflow_24_doors, slow_altar_1, chequers_arboretum
D:5:      layout_loops_ring, nicolae_wu_jian_immortal_techniques, uniq_edmund
D:6:      layout_basic, lemuel_coloured_pillars_altar, minmay_temple_entry_tees,
          gup_sewer_entry_pipe, serial_aquarium, aquarium_bridge_square
          [aquarium_subvault_bridge, aquarium_subvault_window,
          aquarium_subvault_window, aquarium_subvault_window],
          aquarium_window_1, aquarium_window_corner, aquarium_view_2e,
          aquarium_view_2f, kennysheep_generic_room_15
D:7:      layout_layer_cave, mainiacjoe_overflow_catch_the_wave
D:8:      layout_loops_ring, mainiacjoe_overflow_big_doors, david_lair_shrubbed
D:9:      minmay_flawed_box, layout_basic, nicolae_tso_carved_into_rock,
          serial_shops, nicolae_shop_competitors_out_of_business, uniq_maurice
D:10:     layout_irregular_city, evilmike_ruin_ashenzari, serial_shops,
          nicolae_take_the_stairs, nicolae_shop_waterfront, shop, shop,
          kennysheep_mini_moat, kb_rosetta
D:11:     layout_roguey, zombieorc2_lemuel, serial_shops,
          nicolae_shop_bloodbath_and_beyond, uniq_psyche
D:12:     wander_river, layout_cave_pods, serial_shops, shop_statue,
          nicolae_shop_competitors_out_of_business
D:13:     layout_roguey, uniq_kirke
D:14:     layout_long_grid, grunt_vaults_entry_fortified, minmay_misc_feat_roman
D:15:     grunt_enter_depths_magical_seal, layout_long_grid, serial_shops, shop,
          nicolae_trove_entry_columns, minmay_misc_feat_more_columns
Lair:1:   layout_loops_ring, infiniplex_staircase_pool, grunt_megastairs_1
Lair:2:   layout_gridlike, elwin_shoals_entry_rooms,
          minmay_snake_entry_six_corridors, serial_rivers,
          chequers_serial_rivers_micro_b, chequers_serial_rivers_small_a,
          chequers_serial_rivers_micro_d, chequers_serial_rivers_small_b,
          bh_autumn_forest_stairs, uniq_urug
Lair:3:   layout_layer_cave, hangedman_lair_unloving_vines,
          nzn_masters_of_martial_movement, uniq_fannar
Lair:4:   layout_big_grid, nicolae_lair_time_for_slime, grunt_megastairs_2
Lair:5:   layout_regular_city, basic_altar, lemuel_fruit_tree,
          grunt_megastairs_4, infiniplex_staircase_pool_2, serial_bayou_shore_a
Lair:6:   hangedman_lair_caniforms_friends, layout_hall_layers, slime_altar_1,
          lemuel_fruit_fields
Shoals:1: layout_shoals, serial_shops, shop, nicolae_shop_behind_doors,
          nicolae_shop_gadgets
Shoals:2: layout_shoals, serial_shops, nicolae_shop_overgrown_old_shop
Shoals:3: layout_shoals
Shoals:4: shoals_end_simple, layout_shoals, uniq_mlioglotl, uniq_bai_suzhen,
          uniq_aizul
Snake:1:  layout_layer_cave, basic_altar
Snake:2:  layout_basic, portal_ice_cave_entry_pillars_four, minmay_shop_star
Snake:3:  layout_chambers
Snake:4:  grunt_snake_rune_serpentine_throne, layout_onion_interference,
          special_room, nicolae_snake_round_shape_thing
Slime:1:  layout_caves, basic_altar, cheibrodos_slime_lost_civilization_6
Slime:2:  nicolae_slime_pool, layout_caves
Slime:3:  layout_caves
Slime:4:  layout_caves, basic_altar, cheibrodos_slime_lost_civilization_7
Slime:5
Orc:1:    layout_caves, serial_shops, shop, nicolae_orc_bridge_out, uniq_harold
Orc:2:    st_orc_open, layout_caves, mines2_lemuel
Elf:1:    eino_elf_arrival_customs, layout_rooms,
          hangedman_elven_crosses_minicolossus
Elf:2:    nicolae_elf_blades_splatter_lattice [mumra_blade_entry_bloodbath],
          layout_loops_cross
Elf:3:    grunt_elf_hall_diamonds, layout_geoelf_diagonals,
          minmay_strange_pillars
Vaults:1: ontoclasm_vaults_gateway, vaults_room_door_ring,
          hangedman_vaults_restitches, ontoclasm_vaults_chip, v_misc_12,
          layout_vaults_quadrants, serial_shops, shop
Vaults:2: nicolae_vaults_inception_corners, nicolae_vaults_murderbox,
          minmay_crypt_entry_necro_gods, v_pattern_1,
          ontoclasm_vaults_loading_screen, hangedman_vaults_stream, v_misc_5,
          v_misc_30, layout_vaults_chaotic_city
Vaults:3: nicolae_vaults_back_hallway, v_misc_12, vaults_dpeg_diagonal,
          grunt_vaults_focal, nicolae_vaults_little_squares_2, v_pattern_5,
          hangedman_vaults_variations, nicolae_vaults_three_branches, v_misc_25,
          nicolae_vaults_theta, grunt_vaults_swirl, layout_vaults_omnibox
Vaults:4: hangedman_vaults_slice, v_pattern_2, nicolae_vaults_yaktaur_gun_rack,
          ontoclasm_vaults_eye, v_misc_8, nicolae_vaults_asterisk,
          nicolae_vaults_mini_display_case, hangedman_vaults_trim,
          ontoclasm_vaults_pinch, vaults_dpeg_hooks,
          nicolae_vaults_little_squares_4, layout_vaults_ring, serial_shops,
          nicolae_shop_hallway_plus, uniq_frederick, uniq_margery, uniq_mara
Vaults:5: serial_shops
Depths:1: layout_roguey, enter_ziggurat_e, pf_dread_powers_of_hell,
          minmay_misc_feat_iff, hangedman_decor_slide_cut,
          minmay_curled_crystal, nrook_kobold_shadow_demons,
          serial_bayou_shore_b, grunt_megastairs_5, serial_bayou_shore_b,
          serial_bayou_shore_b, serial_bayou_shore_b
Depths:2: minmay_the_grid_triangle_9x9_rhombus_full_mashed
          [minmay_the_grid_triangle_9x9_dagger,
          minmay_the_grid_triangle_9x9_impossible_snake,
          minmay_the_grid_triangle_9x9_cache,
          minmay_the_grid_triangle_9x9_tough_junction,
          minmay_the_grid_triangle_9x9_intruding_spiral,
          minmay_the_grid_triangle_9x9_fully_insulated_deathbox,
          minmay_the_grid_triangle_9x9_stretched_checkered,
          minmay_the_grid_triangle_9x9_prize_center], layout_honeycomb,
          pan_entry, dk_noncrumbling_3, serial_shops,
          nicolae_shop_competitors_out_of_business,
          nicolae_hell_entry_big_baal_hell, gammafunk_ghost_wrathful_warriors
Depths:3: minmay_gate_of_8, layout_gridville, kennysheep_cluttered_room,
          grunt_pan_entry_sceptre, hell_entry, abyss_entry
Depths:4: grunt_zot_entry_bicorn, layout_cave_shapes, hell_entry,
          hangedman_abyss_or_decor_stabs, pan_entry, minivault_16,
          lemuel_zombie_altar_kikubaaqudgha
Hell
Coc:1:    layout_cocytus_water_paths
Coc:2:    layout_ice_bergs
Coc:3:    layout_ice_bergs

Skill      XL: |  1  2  3  4  5  6  7  8  9 10 11 12 13 14 15 16 17 18 19 20 21 22 23 24 25 26 |
---------------+-------------------------------------------------------------------------------+-----
Fire Magic     | 3 4 5 7 8 9 10 11 12 14 16 17 18 | 18.0
Fighting       | 3 4 6 8 11 15 16 19 | 19.0
Spellcasting   | 4 6 7 10 11 12 13 14 15 17 19 23 24 26 | 26.1
Conjurations   | 2 5 6 7 8 10 11 14 15 16 | 16.0
Dodging        | 2 4 |  4.0
Maces & Flails | 4 9 11 12 | 12.0
Crossbows      | 4 9 10 | 10.0
Translocations | 4 |  4.0
Shields        | 5 7 10 11 13 14 16 | 16.0
Transmutations | 1 6 |  6.0
Earth Magic    | 1 6 10 11 13 15 | 15.0
Hexes          | 4 |  4.0
Summonings     | 6 |  6.0
Necromancy     | 4 |  4.0
Stealth        | |  1.4

Action                   |  1- 3 |  4- 6 |  7- 9 | 10-12 | 13-15 | 16-18 | 19-21 | 22-24 | 25-27 || total
-------------------------+-------+-------+-------+-------+-------+-------+-------+-------+-------++-------
Melee: Flail             |     8 |    16 |    45 |    14 |    50 |    18 |    21 |    20 |    13 ||   205
       Punch             |       |       |     1 |       |     1 |       |       |       |       ||     2
       Morningstar       |       |       |       |       |   124 |   350 |   476 |    45 |    24 ||  1019
       Eveningstar       |       |       |       |       |     7 |       |       |       |       ||     7
       Staff             |       |       |       |       |     9 |    22 |    66 |    10 |    17 ||   124
       Falchion          |       |       |       |       |     2 |     4 |       |       |       ||     6
       Dagger            |       |       |       |       |       |     4 |     1 |       |       ||     5
 Fire: Hand crossbow     |       |       |       |    91 |   354 |   250 |    77 |    12 |       ||   784
Throw: Dart              |       |     4 |       |     5 |    25 |       |       |       |       ||    34
 Cast: Foxfire           |    58 |    92 |   160 |   193 |   155 |    34 |    10 |       |       ||   702
       Scorch            |       |     9 |    76 |   175 |    97 |    16 |     1 |       |       ||   374
       Conjure Flame     |       |       |       |    17 |     9 |     1 |       |       |       ||    27
       Flame Wave        |       |       |       |    16 |    10 |     4 |     4 |       |       ||    34
       Starburst         |       |       |       |    17 |    79 |    11 |       |       |       ||   107
       Iskenderun's Myst |       |       |       |     5 |    96 |   117 |   166 |    35 |     6 ||   425
       Blink             |       |       |       |       |     1 |     1 |    14 |     3 |     5 ||    24
       Lee's Rapid Decon |       |       |       |       |       |   273 |   135 |   269 |   149 ||   826
       Fulminant Prism   |       |       |       |       |       |    13 |    20 |     1 |     1 ||    35
       Statue Form       |       |       |       |       |       |    91 |   144 |    27 |    10 ||   272
       Fireball          |       |       |       |       |       |    10 |   258 |   142 |    44 ||   454
       Ignition          |       |       |       |       |       |       |     7 |     5 |    20 ||    32
       Iskenderun's Batt |       |       |       |       |       |       |     4 |       |       ||     4
       Sublimation of Bl |       |       |       |       |       |       |       |   169 |   113 ||   282
       Spellforged Servi |       |       |       |       |       |       |       |    82 |    56 ||   138
       Iron Shot         |       |       |       |       |       |       |       |    63 |    99 ||   162
       Orb of Destructio |       |       |       |       |       |       |       |       |     3 ||     3
Invok: Potion Petition   |       |       |       |     6 |     1 |     3 |     3 |       |     7 ||    20
       Call Merchant     |       |       |       |       |     2 |     1 |     1 |       |       ||     4
 Abil: End Transformatio |       |       |       |       |       |     1 |     1 |    11 |     6 ||    19
Evoke: Box of beasts     |       |       |       |       |     1 |       |     1 |       |       ||     2
       Wand              |       |       |       |       |       |     1 |     2 |       |       ||     3
       Lightning rod     |       |       |       |       |       |     1 |     1 |       |       ||     2
  Use: Potion            |     1 |     2 |       |     6 |     1 |     6 |     4 |     6 |     5 ||    31
       Scroll            |       |     5 |    18 |    12 |     3 |    21 |    14 |     3 |     4 ||    80
 Stab: Sleeping          |       |     1 |     1 |       |     1 |     4 |     3 |       |       ||    10
       Distracted        |       |       |       |       |     1 |     2 |     9 |     1 |       ||    13
Armor: Robe              |     4 |    15 |    21 |    29 |    98 |    55 |    13 |    11 |     9 ||   255
       Skin              |       |    11 |     1 |       |       |   530 |   600 |    81 |    52 ||  1275
       Animal skin       |       |       |       |       |       |       |       |       |    13 ||    13
Dodge: Dodged            |     9 |    26 |    59 |    77 |   156 |   388 |   396 |    76 |    57 ||  1244
Block: Kite shield       |       |       |       |       |   146 |   672 |   868 |   168 |   121 ||  1975
